[Event "*** Titled Tuesday 3|2 Blitz (Late)"]
[Site "Chess.com"]
[Date "2017.01.03"]
[Round "1"]
[White "Hikaru"]
[Black "jcgs1030"]
[Result "1-0"]
[WhiteElo "2851"]
[BlackElo "2320"]
[TimeControl "180+2"]
[EndTime "17:02:47 PST"]
[Termination "Hikaru won by resignation"]

1. b3 Nf6 2. Bb2 d6 3. d4 g6 4. Nf3 Bg7 5. c4 O-O 6. e3 c5 7. Be2 cxd4 8. Nxd4 d5 9. Nd2 Nc6 10. Nxc6 bxc6 11. O-O Rb8 12. Nf3 Ne4 13. Bxg7 Kxg7 14. Qd4+ f6 15. Qxa7 Bg4 16. Nd4 Bd7 17.
cxd5 cxd5 18. Rfc1 Rf7 19. Rc7 Bf5 20. Nc6 1-0

[Event "*** Titled Tuesday 3|2 Blitz (Late)"]
[Site "Chess.com"]
[Date "2017.01.03"]
[Round "1"]
[White "Cruel_Yaro"]
[Black "josiwales"]
[Result "1-0"]
[WhiteElo "2583"]
[BlackElo "2254"]
[TimeControl "180+2"]
[EndTime "17:03:08 PST"]
[Termination "Cruel_Yaro won by resignation"]

1. c4 c6 2. e4 d5 3. cxd5 cxd5 4. exd5 Qxd5 5. Nc3 Qd8 6. d4 Nf6 7. Nf3 e6 8. Bd3 Bb4 9. O-O O-O 10. Bg5 Nc6 11. Re1 h6 12. Bh4 Be7 13. Rc1 Bd7 14. Bb1 a6 15. a3 Qc7 16. Qd3 g6 17. d5 Nxd5 18.
Nxd5 exd5 19. Bxe7 Bf5 20. Qd2 Rfe8 21. Bf6 Bxb1 22.
Qxh6 1-0

[Event "*** Titled Tuesday 3|2 Blitz (Late)"]
[Site "Chess.com"]
[Date "2017.01.03"]
[Round "1"]
[White "AungTZ"]
[Black "Tonychess32"]
[Result "1-0"]
[WhiteElo "2132"]
[BlackElo "2390"]
[TimeControl "180+2"]
[EndTime "17:04:04 PST"]
[Termination "AungTZ won by resignation"]

1. e4 e6 2. d4 d5 3. Nc3 dxe4 4. Nxe4 Nd7 5. Nf3 Ngf6 6. Bg5 Be7 7. Nxf6+ Nxf6 8. Bd3 O-O 9. Qe2 Rb8 10. O-O-O b6 11. Kb1 Bb7 12. h4 Nd5 13. c4 Nb4 14. Bxh7+ Kxh7 15.
Bxe7 Bd5 16. Bxd8 Bxf3 17. Qxf3 Rbxd8 18. a3 Na6 19. h5 c5 20. d5 exd5 21. Rxd5 Rde8 22.
Rg5 Re6 23. Qg4 Rg8 24. h6 g6 25. Qf4 f6 26. Rd5 Rge8 27. Rd7+ Kh8 28. Ka2 Nb8 29.
Rf7 Nc6 30. Rxf6 Re4 31. Rf8+ 1-0

[Event "*** Titled Tuesday 3|2 Blitz (Late)"]
[Site "Chess.com"]
[Date "2017.01.03"]
[Round "1"]
[White "FastChance"]
[Black "Andrejkin"]
[Result "1-0"]
[WhiteElo "2490"]
[BlackElo "2210"]
[TimeControl "180+2"]
[EndTime "17:04:29 PST"]
[Termination "FastChance won by resignation"]

1. e4 c5 2. Nc3 Nc6 3. Bb5 Nd4 4.
Nf3 Nxb5 5. Nxb5 a6 6. Nc3 g6 7. d4 cxd4 8. Qxd4 Nf6 9. e5 Ng8 10.
e6 Nf6 11. exf7+ Kxf7 12. Ng5+ Kg8 13. Bd2 Bg7 14. Ne6 Ne8 15. Qxg7+ Nxg7 16. Nxd8 Kf8 17. Bh6 Rg8 18. Nd5 Rb8 19. Nb6 Ke8 20. Bxg7 Rxg7 21. Nxc8 Rxc8 22. Nxb7 Rxc2 23. Rb1 d6 24. O-O Kd7 25.
Na5 Rf7 26. Nb3 Rc4 27. Rbc1 Ra4 28. a3 Rf5 29. Rfd1 e5 30. Nc5+ 1-0

[Event "*** Titled Tuesday 3|2 Blitz (Late)"]
[Site "Chess.com"]
[Date "2017.01.03"]
[Round "1"]
[White "BCNUM8"]
[Black "yurisolo"]
[Result "1/2-1/2"]
[WhiteElo "2147"]
[BlackElo "2438"]
[TimeControl "180+2"]
[EndTime "17:05:12 PST"]
[Termination "Game drawn by agreement"]

1. d4 d5 2. Bg5 h6 3. Bh4 c6 4. Nf3 Qb6 5. Qc1 Bf5 6. e3 Nd7 7. Bd3 e6 8. Bxf5 exf5 9. O-O Ngf6 10. c4 Be7 11. Nc3 O-O 12. cxd5 cxd5 13. Ne5 Qe6 14. Nxd7 Qxd7 15. Qc2 Rfc8 16. Qb3 Rd8 17. Bxf6 Bxf6 18. g3 Rac8 19. Rac1 Be7 20. Nxd5 h5 21. Nxe7+ Qxe7 22. Qd3 g6 23. h4 Qb4 24. b3 Qa3 25. Rc2 a6 26.
Rfc1 Qxc1+ 27. Rxc1 Rxc1+ 28. Kg2 Rc7 29. a4 Kg7 30. b4 Rd5 31. Qb3 Rcd7 1/2-1/2

[Event "*** Titled Tuesday 3|2 Blitz (Late)"]
[Site "Chess.com"]
[Date "2017.01.03"]
[Round "1"]
[White "Izoria123"]
[Black "LazarusIcarus"]
[Result "1-0"]
[WhiteElo "2425"]
[BlackElo "2118"]
[TimeControl "180+2"]
[EndTime "17:05:39 PST"]
[Termination "Izoria123 won by resignation"]

1. Nf3 Nf6 2. c4 e6 3. g3 d5 4.
d4 Be7 5. Bg2 O-O 6. Qc2 dxc4 7.
Nbd2 Nc6 8. Qxc4 Rb8 9. O-O a6 10. a3 Qd5 11. b4 Rd8 12. Bb2 Bd7 13. Rac1 Be8 14. Rfd1 Qxc4 15. Nxc4 h6 16. e3 Nd5 17. Ne1 b5 18. Nd2 e5 19. dxe5 a5 20. Nb3 axb4 21. Bxd5 bxa3 22. Bc3 Nb4 23. Bxb4 Bxb4 24. Nc2 Bf8 25. e6 fxe6 26. Bxe6+ Kh8 27. Rxd8 Rxd8 28. Ncd4 c5 29. Nxc5 a2 1-0

[Event "*** Titled Tuesday 3|2 Blitz (Late)"]
[Site "Chess.com"]
[Date "2017.01.03"]
[Round "1"]
[White "Caminator2000"]
[Black "LawrenceTrent"]
[Result "1-0"]
[WhiteElo "2198"]
[BlackElo "2425"]
[TimeControl "180+2"]
[EndTime "17:05:46 PST"]
[Termination "Caminator2000 won by checkmate"]

1. c4 e5 2. Nc3 Nf6 3. Nf3 Nc6 4. g3 Bb4 5. Bg2 O-O 6. O-O Bxc3 7. bxc3 e4 8. Ng5 d5 9. cxd5 Qxd5 10. d3 Rd8 11. Nxe4 Nxe4 12. Bxe4 Qe5 13. Qc2 Bf5 14. Bg2 Qc5 15.
Be3 Qa5 16. Rab1 Rab8 17. Rb2 Ne5 18. Rfb1 Nc4 19. Rb5 Qa6 20. Rxf5 Na3 21. Qb3 Nxb1 22. Qxb1 c6 23. Qb3 Rd7 24. h4 Re8 25. h5 h6 26.
Rf4 Re5 27. g4 Ra5 28. a4 b5 29. axb5 cxb5 30. Bd5 Ra1+ 31. Kg2 Ra3 32. Bxf7+ Kh8 33.
Qe6 Qc8 34. Be8 Qb7+ 35. f3 Re7 36. Rf8+ Kh7 37. Bg6# 1-0

[Event "*** Titled Tuesday 3|2 Blitz (Late)"]
[Site "Chess.com"]
[Date "2017.01.03"]
[Round "1"]
[White "afgano29"]
[Black "FLchessplayer"]
[Result "1-0"]
[WhiteElo "2415"]
[BlackElo "2083"]
[TimeControl "180+2"]
[EndTime "17:06:16 PST"]
[Termination "afgano29 won by resignation"]

1. e4 e5 2. Nf3 Nc6 3. Bb5 a6 4. Ba4 b6 5. O-O b5 6. Bb3 d6 7. c3 Be7 8. h3 Nf6 9. Re1 Na5 10. Bc2 c5 11. d4 Qc7 12. a4 Bb7 13. axb5 axb5 14. Nbd2 O-O 15. d5 c4 16. Nf1 Ra7 17.
g4 Rfa8 18. Ng3 Bc8 19. Kh2 Bf8 20. Be3 Ra6 21. Rg1 Nb7 22. Rb1 Nc5 23. Nd2 h6 24. Qf3 Nh7 25. Nf5 Ra2 26. h4 Qd8 27. g5 Bxf5 28.
exf5 hxg5 29. hxg5 Nd3 30. Bxd3 cxd3 31. Ne4 Be7 32.
g6 Nf6 33. gxf7+ Kxf7 34. Ng5+ Ke8 35. Ne6 Qb8 36. Rxg7 Kd7 37. Bg5 Qh8+ 38. Kg2 Rf8 39. Qxd3 Ra5 40. b4 Ra2 41. Qxb5+ Kc8 42. Qc6+ Kb8 43.
Rxe7 Rxf2+ 44. Kxf2 Qh2+ 45. Ke1 Qg1+ 46. Kd2 Qf2+ 47.
Kc1 Qf1+ 48. Kc2 Qe2+ 49. Kb3 1-0

[Event "*** Titled Tuesday 3|2 Blitz (Late)"]
[Site "Chess.com"]
[Date "2017.01.03"]
[Round "1"]
[White "wonderfultime"]
[Black "MateusViageiro"]
[Result "0-1"]
[WhiteElo "2658"]
[BlackElo "2314"]
[TimeControl "180+2"]
[EndTime "17:06:21 PST"]
[Termination "MateusViageiro won by resignation"]

1. d4 Nf6 2. c4 e6 3. Nc3 Bb4 4. e3 O-O 5. Ne2 b6 6. a3 Bxc3+ 7.
Nxc3 d5 8. Be2 Bb7 9. O-O Nbd7 10. b4 c5 11. Bb2 cxd4 12. Qxd4 dxc4 13. Bxc4 Qc7 14. Rac1 Rfd8 15. Be2 Ne5 16. Qf4 Qb8 17. Nb5 Ng6 18. Nc7 Nxf4 19. exf4 Rd2 20. Bxf6 gxf6 21. Bh5 Qd8 22. Nxa8 Qxa8 23. Rc7 Bxg2 24. Rfc1 Bb7 25.
Bxf7+ Kh8 26. Bxe6 Qe8 27. f5 Qh5 28. R7c3 Rd1+ 0-1

[Event "*** Titled Tuesday 3|2 Blitz (Late)"]
[Site "Chess.com"]
[Date "2017.01.03"]
[Round "1"]
[White "MbMaster"]
[Black "1random"]
[Result "1-0"]
[WhiteElo "2374"]
[BlackElo "2032"]
[TimeControl "180+2"]
[EndTime "17:06:26 PST"]
[Termination "MbMaster won by resignation"]

1. d4 Nf6 2. c4 e6 3. Nf3 b6 4.
g3 Ba6 5. Qa4 c5 6. dxc5 Bxc5 7.
Bg2 Bb7 8. O-O O-O 9. Nc3 Nc6 10. Rd1 Qc8 11. a3 Rd8 12. b4 Bf8 13. Bb2 Ng4 14.
Nb5 d5 15. h3 Nh6 16. cxd5 exd5 17. Rac1 Nf5 18. Nbd4 Nfxd4 19. Nxd4 b5 20. Qxb5 Nxd4 21. Bxd4 Qd7 22. Qxd7 Rxd7 23. Bc5 a5 24. b5 a4 25. e4 d4 26. e5 Bxg2 27. Kxg2 Rb8 28. b6 Rd5 29. Bxd4 Bxa3 30. Rc4 Bb2 31. Rxa4 Bxd4 32. Raxd4 Rxe5 1-0

[Event "*** Titled Tuesday 3|2 Blitz (Late)"]
[Site "Chess.com"]
[Date "2017.01.03"]
[Round "1"]
[White "eltenedor"]
[Black "amurdercastle"]
[Result "1-0"]
[WhiteElo "2058"]
[BlackElo "2350"]
[TimeControl "180+2"]
[EndTime "17:06:32 PST"]
[Termination "eltenedor won by checkmate"]

1. c4 c6 2. d4 d5 3. Nf3 Nf6 4. Nc3 e6 5. g3 dxc4 6. Bg2 b5 7. O-O Bb7 8. a4 a6 9. Ne5 Qb6 10. b3 b4 11. Nxc4 Qc7 12. Ne4 Nxe4 13. Bxe4 Nd7 14. Bf4 Qd8 15. Bd6 Nf6 16. Bxf8 Kxf8 17. Bg2 Nd5 18.
Bxd5 cxd5 19. Ne5 Rc8 20. Rc1 f6 21. Nd3 Rxc1 22. Qxc1 a5 23. Qc5+ Kf7 24. Qb5 Bc8 25. Rc1 Bd7 26. Qb7 Kg6 27. Rc7 Bc8 28. Rxg7+ Kh6 29. Qf7 Qf8 30. Rxh7+ Kg5 31. Qh5# 1-0

[Event "*** Titled Tuesday 3|2 Blitz (Late)"]
[Site "Chess.com"]
[Date "2017.01.03"]
[Round "1"]
[White "Kacparov"]
[Black "Rating-Schmating"]
[Result "1-0"]
[WhiteElo "2602"]
[BlackElo "2267"]
[TimeControl "180+2"]
[EndTime "17:06:34 PST"]
[Termination "Kacparov won by resignation"]

1. e4 e6 2. d4 d5 3. Nd2 a6 4.
Bd3 c5 5. dxc5 Nc6 6. Ngf3 Nf6 7. O-O Bxc5 8. a3 dxe4 9. Nxe4 Nxe4 10. Bxe4 Qxd1 11.
Rxd1 Bd7 12. Be3 Bxe3 13. fxe3 O-O-O 14. Kf2 f6 15. c4 Kc7 16. b4 Ne7 17. Rd2 Bc6 18.
Bxc6 Rxd2+ 19. Nxd2 Nxc6 20. Ke2 Rd8 21. Rc1 Ne5 22. Rc3 Kc6 23. a4 b6 24. Ne4 Rc8 25. h3 Kd7 26. c5 bxc5 27. Nxc5+ Ke7 28. Kd2 Rc6 29. Kc2 h5 30. Kb3 g5 31. b5 axb5 32. axb5 Rb6 33. Ka4 Rb8 34. Ka5 g4 35. b6 Nc6+ 36. Kb5 Ne5 37. b7 gxh3 38. gxh3 Kd6 39.
Kb6 f5 40. Rc1 h4 41. Rd1+ Ke7 42. Na6 Nc4+ 43. Kc7 Rxb7+ 44. Kxb7 Nxe3 45. Rd3 Ng2 46. Nc5 e5 47. Kc6 Kf6 48. Kd6 e4 49. Rd2 Nf4 50.
Nd7+ Kg5 51. Ke5 e3 52. Rd1 Nxh3 53. Nc5 Nf2 54. Rg1+ Kh5 55. Ne6 h3 56. Ng7+ Kh4 57.
Nxf5+ Kh5 58. Kf4 Nd3+ 59. Kxe3 h2 60. Rh1 Kg4 61. Kxd3 Kh3 62. Ne3 Kg3 63. Ke2 Kh3 64. Kf3 Kh4 65. Rxh2+ 1-0

[Event "*** Titled Tuesday 3|2 Blitz (Late)"]
[Site "Chess.com"]
[Date "2017.01.03"]
[Round "1"]
[White "Dr-Bassem"]
[Black "capatl"]
[Result "1-0"]
[WhiteElo "2651"]
[BlackElo "2293"]
[TimeControl "180+2"]
[EndTime "17:06:35 PST"]
[Termination "Dr-Bassem won by resignation"]

1. e4 c5 2. Nf3 e6 3. d3 a6 4.
g3 b5 5. Bg2 Bb7 6. O-O d6 7.
Re1 Nd7 8. c3 Ngf6 9. Nbd2 Be7 10. d4 Qc7 11. e5 Nd5 12. Ne4 cxd4 13. exd6 Bxd6 14. Nxd6+ Qxd6 15. Nxd4 O-O 16. a4 Qb6 17.
Nf5 N7f6 18. Ne3 b4 19. c4 Nxe3 20. Bxe3 Qc7 21. Bf4 Qc8 22. b3 Bxg2 23. Kxg2 Qc6+ 24. Qf3 Qxf3+ 25. Kxf3 Rfd8 26. Rad1 a5 27. Rxd8+ Rxd8 28. Bc7 Rd3+ 29. Re3 Rxe3+ 30. Kxe3 Nd7 31. Bxa5 Nc5 32. Bxb4 Nxb3 33. a5 1-0

[Event "*** Titled Tuesday 3|2 Blitz (Late)"]
[Site "Chess.com"]
[Date "2017.01.03"]
[Round "1"]
[White "SidArun"]
[Black "Fh2411"]
[Result "0-1"]
[WhiteElo "2051"]
[BlackElo "2375"]
[TimeControl "180+2"]
[EndTime "17:06:48 PST"]
[Termination "Fh2411 won by resignation"]

1. e4 e5 2. f4 d5 3. exd5 exf4 4. Nf3 Nf6 5. c4 c6 6. d4 cxd5 7. Bxf4 Nc6 8. Nc3 Be7 9. c5 O-O 10.
Be2 Bf5 11. O-O Ne4 12. Ne5 Bf6 13. Nxc6 bxc6 14. Be5 Bg6 15. Bxf6 Nxf6 16. Bd3 Re8 17. Bxg6 hxg6 18. Qd3 Rb8 19. b3 Qd7 20. Rae1 Rb4 21. Rxe8+ Qxe8 22. Ne2 Ne4 23. Rf4 f5 24. g4 Qe6 25.
gxf5 gxf5 26. Qf3 g6 27. h4 Rb7 28. h5 Rg7 29. h6 Rh7 30. Qh3 Ng5 31. Qg2 Nf7 32. Ng3 Nxh6 33. Nh5 Ng4 34. Ng3 Qe3+ 0-1

[Event "*** Titled Tuesday 3|2 Blitz (Late)"]
[Site "Chess.com"]
[Date "2017.01.03"]
[Round "1"]
[White "Pierrebl"]
[Black "Kawhi_Leonard2"]
[Result "1/2-1/2"]
[WhiteElo "2450"]
[BlackElo "2208"]
[TimeControl "180+2"]
[EndTime "17:06:53 PST"]
[Termination "Game drawn by agreement"]

1. Nf3 Nf6 2. c4 e6 3. g3 d5 4. Bg2 Be7 5. O-O O-O 6. d4 dxc4 7. Qc2 a6 8. a4 Bd7 9. Ne5 Bc6 10.
Nxc6 Nxc6 11. e3 Na5 12. Nd2 c6 13. Nxc4 Nxc4 14. Qxc4 a5 15. Bd2 Nd5 16. Rfd1 Bb4 17. Bc3 Qe7 18. e4 Nb6 19. Qb3 Rfd8 20. Bxb4 Qxb4 21.
Qxb4 axb4 22. a5 Nc4 23. d5 cxd5 24. exd5 exd5 25. Rxd5 Rxd5 26. Bxd5 Rxa5 27. Rxa5 Nxa5 28. Kf1 Kf8 29. Ke2 Ke7 30. Kd3 f6 31. Kd4 Kd6 32. h4 g5 33. f4 gxf4 34. gxf4 h6 35. Bf3 Nb3+ 36. Ke4 Nd2+ 37. Ke3 Nxf3 38. Kxf3 f5 39. b3 Kd5 40. Ke3 h5 41. Kd3 Kc5 42. Ke3 Kd5 43.
Kd3 Kc5 1/2-1/2

[Event "*** Titled Tuesday 3|2 Blitz (Late)"]
[Site "Chess.com"]
[Date "2017.01.03"]
[Round "1"]
[White "jk13"]
[Black "Kanthecarowin"]
[Result "1-0"]
[WhiteElo "2542"]
[BlackElo "2240"]
[TimeControl "180+2"]
[EndTime "17:07:09 PST"]
[Termination "jk13 won by resignation"]

1. d4 Nf6 2. Bf4 d6 3. e3 g6 4. Nf3 Bg7 5. h3 O-O 6. Be2 Nbd7 7. O-O c6 8. c3 b5 9. a4 bxa4 10. Qxa4 Bb7 11. Nbd2 Nb6 12. Qa2 Re8 13. Bh2 e6 14.
e4 e5 15. dxe5 dxe5 16. Nb3 Nxe4 17. Na5 Qc7 18. Rfe1 Nd6 19. Nxb7 Nxb7 20. Ba6 Nc5 21. Bf1 Nbd7 22. Rad1 Rad8 23. Bc4 Nb6 24. Rxd8 Rxd8 25.
Nxe5 Nxc4 26. Qxc4 Qe7 27. Bg3 Rc8 28. Re3 Qf8 29.
Nxf7 Qxf7 30. Qxc5 Qb7 31. b4 Qd7 32. Re7 Qd1+ 33.
Kh2 Qd5 34. Qxa7 Bxc3 35. Rxh7 Rf8 36. Rd7 Qe4 37. f3 Qe6 38. Rd6 Qf5 39. Rxc6 Be5 40. Qf2 Qg5 41. Bxe5 Qxe5+ 42. Qg3 Qf5 43. Rxg6+ Kh7 44.
Rg5 Qf4 45. Rh5+ 1-0

[Event "*** Titled Tuesday 3|2 Blitz (Late)"]
[Site "Chess.com"]
[Date "2017.01.03"]
[Round "1"]
[White "calemcc"]
[Black "RobertoJBM"]
[Result "0-1"]
[WhiteElo "2206"]
[BlackElo "2480"]
[TimeControl "180+2"]
[EndTime "17:07:09 PST"]
[Termination "RobertoJBM won by checkmate"]

1. d4 c6 2. c4 d5 3. Nc3 dxc4 4.
a4 e5 5. dxe5 Qxd1+ 6. Kxd1 Be6 7.
e4 Nd7 8. Bf4 Ne7 9. Nf3 Ng6 10.
Bg3 O-O-O 11. Kc2 Bb4 12. Rd1 h6 13. Be2 Nc5 14. Nd2 Nd3 15. Nxc4 Ndf4 16. Bxf4 Nxf4 17.
Bf1 Nxg2 18. Bxg2 Bxc4 19. Bh3+ Kc7 20. Rhg1 g5 21. Bf5 Bc5 22. h4 Bxf2 23. Rg2 Be3 24. hxg5 hxg5 25. b3 Ba6 26. Rxd8 Kxd8 27. e6 f6 28. Ne2 Ke7 29. Ng3 Bf4 30. Bg4 Bxg3 31. Rxg3 Rh2+ 32. Kc3 Be2 33. Bf5 Rf2 34. Re3 Bf1 35.
Kb4 b6 36. a5 c5+ 37. Ka3 b5 38. a6 b4+ 39. Ka4 Ra2# 0-1

[Event "*** Titled Tuesday 3|2 Blitz (Late)"]
[Site "Chess.com"]
[Date "2017.01.03"]
[Round "1"]
[White "flubs"]
[Black "QuintilianoR"]
[Result "1-0"]
[WhiteElo "2249"]
[BlackElo "2522"]
[TimeControl "180+2"]
[EndTime "17:07:15 PST"]
[Termination "flubs won by resignation"]

1. d4 d5 2. c4 e6 3. Nf3 c6 4. Qc2 dxc4 5. Nbd2 b5 6. b3 cxb3 7.
Nxb3 Bb7 8. e3 Nd7 9. a4 a6 10. Bd3 Ngf6 11. O-O Be7 12. Ba3 O-O 13. Rfc1 Rc8 14.
Bxe7 Qxe7 15. Ne5 Nxe5 16. dxe5 Nd7 17. f4 g6 18. Nc5 Nxc5 19. Qxc5 Qxc5 20. Rxc5 Rfd8 21.
Be4 Rd2 22. axb5 cxb5 23. Rxc8+ Bxc8 24. Rc1 Bd7 25. Rc7 a5 26. Kf1 Be8 27. Rc8 b4 28. Ke1 Ra2 29. Rxe8+ Kg7 30. Rb8 h5 31. h3 h4 32. Rb5 Kf8 33. Kf1 Kg7 34. Bc6 Kf8 35.
Rb7 Rb2 36. Rb5 Ra2 37. Rb8+ Kg7 38. Rb7 Kf8 39. e4 Rb2 40. Rb5 Ra2 41. Rb8+ Kg7 42.
Rb7 Kf8 43. f5 gxf5 44. exf5 Ra3 45. f6 Kg8 46. Rb8+ Kh7 47. Rf8 Kg6 48. Be4+ Kg5 49. Rxf7 Kf4 50. Bg6 Kxe5 51. Rf8 Rg3 52. Bh7 a4 53. f7 Kf6 54. Bg8 1-0

[Event "*** Titled Tuesday 3|2 Blitz (Late)"]
[Site "Chess.com"]
[Date "2017.01.03"]
[Round "1"]
[White "platy3"]
[Black "Frolik67"]
[Result "1-0"]
[WhiteElo "2612"]
[BlackElo "2286"]
[TimeControl "180+2"]
[EndTime "17:07:22 PST"]
[Termination "platy3 won by resignation"]

1. e4 e6 2. d4 d5 3. Nc3 Nf6 4.
e5 Nfd7 5. f4 c5 6. Nf3 Nc6 7.
Be3 a6 8. Qd2 b5 9. a3 Bb7 10. Be2 Be7 11. Nd1 g6 12. O-O h5 13.
Nf2 Qb6 14. c3 a5 15. Nh3 Rc8 16. Nhg5 b4 17. axb4 axb4 18. Bd3 Na5 19. Qe2 Nb3 20. Ra2 cxd4 21. Nxd4 Nxd4 22. cxd4 b3 23. Ra4 Bc6 24. Ra6 Qb4 25. Rc1 Bb7 26. Rxc8+ Bxc8 27. Rc6 Bb7 28. Rxe6 fxe6 29. Bxg6+ Kf8 30. Nxe6+ Kg8 31. f5 Nf8 32. Nxf8 Bxf8 33. f6 Bh6 34. e6 Qc4 35. e7 Bc6 36. Bxh6 Qxd4+ 37. Kh1 Be8 38. Qe6+ 1-0

[Event "*** Titled Tuesday 3|2 Blitz (Late)"]
[Site "Chess.com"]
[Date "2017.01.03"]
[Round "1"]
[White "Houdinovic"]
[Black "chesstatour"]
[Result "1-0"]
[WhiteElo "2344"]
[BlackElo "1814"]
[TimeControl "180+2"]
[EndTime "17:07:22 PST"]
[Termination "Houdinovic won on time"]

1. e4 c6 2. d4 d5 3. e5 Bf5 4. h4 h6 5. g4 Bh7 6. e6 fxe6 7. Nh3 Nd7 8. Nf4 e5 9. Ne6 Qb6 10. c3 c5 11. Nxf8 Kxf8 12. dxe5 Qe6 13. f4 g5 14. Bg2 gxf4 15. O-O Nxe5 16. Bxf4 Nf6 17. g5 hxg5 18. hxg5 Nd3 19. gxf6 Nxf4 20. Rxf4 Qe3+ 21. Rf2 e6 22. Nd2 Kf7 23. Nf1 Qg5 24.
Qa4 Rad8 25. Qb5 b6 26. Qc6 Rhg8 27. Qc7+ Kg6 28. Rf3 1-0

[Event "*** Titled Tuesday 3|2 Blitz (Late)"]
[Site "Chess.com"]
[Date "2017.01.03"]
[Round "1"]
[White "aspired"]
[Black "TrickyTrapChess"]
[Result "1-0"]
[WhiteElo "2440"]
[BlackElo "2133"]
[TimeControl "180+2"]
[EndTime "17:07:27 PST"]
[Termination "aspired won by resignation"]

1. e4 e6 2. d4 d5 3. Bd3 dxe4 4. Bxe4 Nf6 5. Bf3 c5 6. Ne2 Nc6 7. Be3 cxd4 8. Nxd4 Nxd4 9. Qxd4 Qxd4 10. Bxd4 Bb4+ 11. Nc3 O-O 12. O-O-O Re8 13. Nb5 Ba5 14. Nd6 Rd8 15.
Bxb7 Rxd6 16. Bxa8 Nd5 17. Bxa7 Ra6 18. Bxd5 exd5 19.
Bd4 Be6 20. c3 Bd8 21. Kb1 f6 22. Rhe1 Kf7 23. f3 Bc7 24. g3 Bd7 25. Rd2 Bb5 26.
b3 Bd6 27. a4 Bd7 28. Ka2 Ra8 29. Bf2 Be6 30. Rde2 Bd7 31. Bd4 Ra6 32. Kb2 Ra8 33.
Bb6 Ra6 34. a5 Ra8 35. b4 Ra6 36. Rd2 Be6 37. Red1 Be7 38. Ka3 Ra8 39. Ka4 Bd7+ 40.
b5 Be6 41. Rxd5 Bxd5 42. Rxd5 Rc8 43. Kb3 Ke6 44. c4 Bd6 45. a6 Be5 46. a7 Ra8 47. f4 Bd6 48. Ka4 Kd7 49. Ka5 Ke6 50. Ka6 1-0

[Event "*** Titled Tuesday 3|2 Blitz (Late)"]
[Site "Chess.com"]
[Date "2017.01.03"]
[Round "1"]
[White "norwaytoadog"]
[Black "simplerXiao"]
[Result "0-1"]
[WhiteElo "1945"]
[BlackElo "2355"]
[TimeControl "180+2"]
[EndTime "17:07:27 PST"]
[Termination "simplerXiao won by resignation"]

1. e4 c5 2. Nf3 d6 3. Bb5+ Nc6 4. Bxc6+ bxc6 5. O-O e5 6. c3 Nf6 7. d4 cxd4 8. cxd4 exd4 9. Nxd4 c5 10. Nb5 a6 11.
N5c3 Be7 12. b3 O-O 13. Bb2 Bb7 14. Re1 Re8 15. Qd3 Rc8 16. Nd2 Nd7 17. Nc4 Ne5 18. Nxe5 dxe5 19. Qg3 Bh4 20. Qg4 Qg5 21. Qf3 Qg6 22.
Rad1 Rcd8 23. g3 Bg5 24. Kf1 Rd4 25. h4 Bd2 26. Re2 Bxc3 27. Rxd4 Bxd4 28. Bc1 a5 29.
Kg2 f5 30. h5 fxe4 0-1

[Event "*** Titled Tuesday 3|2 Blitz (Late)"]
[Site "Chess.com"]
[Date "2017.01.03"]
[Round "1"]
[White "MattyDPerrine"]
[Black "DuleMudule"]
[Result "1-0"]
[WhiteElo "2242"]
[BlackElo "2517"]
[TimeControl "180+2"]
[EndTime "17:07:43 PST"]
[Termination "MattyDPerrine won by checkmate"]

1. d4 d5 2. c4 Bf5 3. Nc3 e6 4. Nf3 Nc6 5. a3 a6 6. Qa4 dxc4 7. Qxc4 Nf6 8. Bg5 Be7 9. e3 O-O 10. Be2 Ne4 11. Bxe7 Qxe7 12. Rc1 Nd6 13. Qa2 Rfe8 14. O-O e5 15. dxe5 Ne4 16. Nd5 Qe6 17. Bc4 Nxe5 18.
Nd4 Qg6 19. Nxf5 Qxf5 20. Nxc7 Nd2 21. Nxe8 Nef3+ 22. Kh1 Qe5 23. Bxf7+ Kh8 24. g3 Rd8 25. Rfd1 Qe4 26. Nd6 Rxd6 27. Rc8+ Rd8 28. Rxd8+ Qe8 29.
Rxe8# 1-0

[Event "*** Titled Tuesday 3|2 Blitz (Late)"]
[Site "Chess.com"]
[Date "2017.01.03"]
[Round "1"]
[White "GianmarcoVaR"]
[Black "Shivagami"]
[Result "1-0"]
[WhiteElo "2394"]
[BlackElo "2057"]
[TimeControl "180+2"]
[EndTime "17:07:50 PST"]
[Termination "GianmarcoVaR won on time"]

1. d4 Nf6 2. Nf3 g6 3. Bg5 Bg7 4. Nbd2 d5 5. e3 O-O 6. Be2 c5 7.
dxc5 Qa5 8. O-O Qxc5 9. c4 Ne4 10. Nb3 Qd6 11. Qxd5 Qxd5 12. cxd5 Bxb2 13. Bxe7 Re8 14.
Rab1 Bg7 15. Bb4 Bf5 16. Rfd1 Bc3 17. Nbd4 Bxb4 18. Rxb4 Nc3 19. Rd2 Nxe2+ 20. Rxe2 Be4 21. Nb5 Na6 22. Rd4 Rad8 23. Red2 Re7 24. d6 Red7 25.
Rxe4 Nc5 26. Rc4 b6 27. Ne5 a6 28. Nxd7 axb5 29. Rxc5 bxc5 30. Nxc5 1-0

[Event "*** Titled Tuesday 3|2 Blitz (Late)"]
[Site "Chess.com"]
[Date "2017.01.03"]
[Round "1"]
[White "AllStarShark"]
[Black "Buffy7"]
[Result "0-1"]
[WhiteElo "2214"]
[BlackElo "2498"]
[TimeControl "180+2"]
[EndTime "17:07:51 PST"]
[Termination "Buffy7 won by resignation"]

1. d4 Nf6 2. Bg5 e6 3. e3 c5 4.
c3 Qb6 5. Qb3 Ne4 6. Bf4 d5 7.
Qxb6 axb6 8. a3 Bd6 9. Bxd6 Nxd6 10. Bd3 Nc6 11. Nd2 c4 12. Bc2 b5 13. Rd1 f5 14. f3 Kd8 15. e4 Kc7 16. Nh3 b4 17.
axb4 Ra2 18. Rb1 Nb5 19. Kd1 Bd7 20. Re1 Kd6 21. Ng5 Nd8 22. exf5 exf5 23. f4 Be8 24. Kc1 Bh5 25. Bxf5 Rf8 26. g4 Bg6 27. Bxg6 hxg6 28.
Rf1 Re8 29. Kc2 Na3+ 30. Kc1 Re2 31. Ngf3 Nxb1 32. Kxb1 Ra8 33. Kc2 Ne6 34. Ne5 Rxh2 35. Nxg6 Re8 36. f5 Ng5 37. Ne5 Ne4 38. Rd1 Nf2 39.
Re1 Nd3 40. Re3 Nxe5 41. dxe5+ Rxe5 42. Rxe5 Kxe5 43. Kc1 Kf4 44. b3 b5 45. bxc4 dxc4 46. g5 Kxf5 0-1

[Event "*** Titled Tuesday 3|2 Blitz (Late)"]
[Site "Chess.com"]
[Date "2017.01.03"]
[Round "1"]
[White "yian123"]
[Black "NoWuss2"]
[Result "1-0"]
[WhiteElo "2388"]
[BlackElo "2053"]
[TimeControl "180+2"]
[EndTime "17:07:53 PST"]
[Termination "yian123 won by resignation"]

1. e4 Nc6 2. d4 e5 3. dxe5 Nxe5 4.
f4 Nc6 5. Nf3 Bc5 6. Nc3 Nh6 7.
h3 O-O 8. Bc4 a6 9. Qe2 d6 10. Be3 Bxe3 11. Qxe3 Re8 12. O-O Be6 13. Bxe6 fxe6 14. Rad1 Qe7 15. Rfe1 Nf7 16. a3 Rad8 17. Ne2 Qf6 18. c3 h6 19. Nfd4 Ne7 20. Nf3 e5 21. f5 d5 22. exd5 Nxf5 23. Qc5 N7d6 24. Nc1 Rd7 25. Nb3 Ng3 26. Qf2 Qf4 27. Nc5 Rf7 28. Ne6 Nde4 29. Nxf4 Nxf2 30. Kxf2 exf4 31. Rxe8+ 1-0

[Event "*** Titled Tuesday 3|2 Blitz (Late)"]
[Site "Chess.com"]
[Date "2017.01.03"]
[Round "1"]
[White "AdrianaNikolova"]
[Black "GGuseinov"]
[Result "0-1"]
[WhiteElo "2245"]
[BlackElo "2554"]
[TimeControl "180+2"]
[EndTime "17:08:00 PST"]
[Termination "GGuseinov won by resignation"]

1. e4 c5 2. c3 g6 3. d4 cxd4 4. cxd4 d5 5. e5 Nh6 6. Nc3 Nc6 7. Bb5 Bg7 8. Bf4 O-O 9. Qd2 Nf5 10. Nf3 f6 11. Bxc6 bxc6 12. g4 fxe5 13. Bxe5 Nh6 14.
Bxg7 Kxg7 15. g5 Rxf3 16. gxh6+ Kg8 17. O-O-O Rb8 18. Qe2 Qf8 19. Qe5 Qxh6+ 20. Kb1 Rb7 21. Na4 Rxf2 22. b3 Qh3 23. Rhe1 Rxb3+ 24. Ka1 Rxa2+ 25.
Kxa2 Ra3+ 26. Kb1 Bf5+ 27. Qxf5 Qxf5+ 28. Kb2 Rxa4 29. Rd2 Qf3 30. Rxe7 Rb4+ 31. Kc2 Qb3+ 0-1